 Dungeon Crawl Stone Soup version 0.18.1-48-g4cf74bf (webtiles) character file.

147 nikopol the Poker (level 5, -3/47 HPs)
             Began as a Minotaur Berserker on Aug 2, 2016.
             Was a Priest of Trog.
             Slain by Grinder (4 damage)
             ... on level 3 of the Dungeon.
             The game lasted 00:03:29 (2145 turns).

nikopol the Poker (Minotaur Berserker)              Turns: 2145, Time: 00:03:29

Health: -3/47      AC:  0    Str: 21    XL:     5   Next: 7%
Magic:  4/4        EV: 21    Int:  4    God:    Trog [***...]
Gold:   92         SH:  2    Dex: 16    Spells: 0 memorised, 4 levels left

rFire  . . .     SeeInvis .     (weapon currently unavailable)
rCold  . . .     Gourm    .     (armour currently unavailable)
rNeg   . . .     Faith    .     (shield currently unavailable)
rPois  .         Spirit   .     (helmet currently unavailable)
rElec  .         Dismiss  .     (cloak currently unavailable)
rCorr  .         Reflect  +     (gloves currently unavailable)
SustAt .         Harm     .     (boots currently unavailable)
MR     ++...                    r - +2 amulet of reflection
Stlth  +.........               (ring currently unavailable)
                                (ring currently unavailable)

@: exhausted, bat-form, flying, regenerating, slowed, quick, very resistant to
hostile enchantments, very unstealthy
A: (retaliatory headbutt), (horns 0)
a: Berserk, Trog's Hand, Burn Spellbooks, Renounce Religion


You were on level 3 of the Dungeon.
You worshipped Trog.
Trog was most pleased with you.
You were hungry.
You were in bat-form.
You visited 1 branch of the dungeon, and saw 3 of its levels.

You collected 92 gold pieces.

Inventory:

Hand Weapons
 a - a +0 spear (melded)
Missiles
 e - 51 arrows
Armour
 b - a +0 animal skin
 t - a +0 leather armour
 x - a +0 cloak of invisibility (melded)
 B - a +0 ring mail (melded)
Jewellery
 j - a ring of protection from fire (melded)
 r - a +2 amulet of reflection (around neck)
 y - an uncursed amulet of guardian spirit {unknown}
Wands
 w - a wand of slowing (21/48)
 A - a wand of lightning (8/15)
Scrolls
 d - a scroll of magic mapping {unknown}
 i - 2 scrolls of fog {unknown}
 m - 2 scrolls of identify {unknown}
 o - a scroll of blinking {unknown}
 u - a scroll of immolation {unknown}
 v - 2 scrolls of amnesia {unknown}
 z - a scroll of enchant armour {unknown}
Potions
 f - a potion of might {unknown}
 h - a potion of mutation {unknown}
 l - a potion of curing {unknown}
 n - 2 potions of agility
 q - a potion of cure mutation {unknown}
Comestibles
 c - a bread ration
 g - 2 meat rations
 k - 2 slices of pizza
 s - a beef jerky


   Skills:
 + Level 4.4 Fighting
 + Level 4.8 Polearms
 + Level 3.5 Armour
 + Level 3.7 Dodging


You had 4 spell levels left.
You didn't know any spells.

Dungeon Overview and Level Annotations

Branches:
Dungeon (3/15)

Altars:
Kikubaaqudgha
Sif Muna
Trog
Vehumet

Annotations:
D:3 Grinder


Innate Abilities, Weirdness & Mutations

((You reflexively headbutt those who attack you in melee.))
((You have a pair of horns on your head.))


Message History

You hit Grinder but do no damage.
Grinder is almost dead.
You hit Grinder but do no damage.
Grinder is almost dead.
Grinder hits you.
* * * LOW HITPOINT WARNING * * *
You writhe in agony.
* * * LOW HITPOINT WARNING * * *
You hit Grinder but do no damage.
Grinder is almost dead.
Grinder gestures at you. Pain shoots through your body!
* * * LOW HITPOINT WARNING * * *
Your skin crawls.
You feel resistant to hostile enchantments.
You feel slightly more hungry.
Grinder is no longer unusually agile.
Grinder misses you. Grinder hits you.
* * * LOW HITPOINT WARNING * * *
You writhe in agony.
You die...

##.##.... ## #.....<.#
######### #.# #...#...#
..5.....### #.#######...#...#
##.##.###..........#...#
##.#.##.#.#.........†....
#######.###.#.......#######....
#......## ##.5.##.#.#######.#.#
#.#####.###.#.b.#.#.#..........
######.#.##.#.....>.##......#
.........###.....#.####......#
.######### #.##..#.# ##.....##
#.......# #†....## ####.(###
#.##.## #..## #.##.#
.....##.##.# ####.......#


You could see Grinder.

Vanquished Creatures
  Crazy Yiuf (D:3)
  Jessica (D:3)
  3 adders (D:3)
  An ooze (D:3)
  A worm (D:2)
  A dart slug (D:1)
  A giant gecko (D:1)
  3 giant cockroaches
  9 goblins
  5 hobgoblins
  6 jackals
  A quokka (D:3)
  A ball python (D:1)
  7 bats
  6 giant newts
  2 kobolds
  5 rats
54 creatures vanquished.

Notes
Turn   | Place    | Note
--------------------------------------------------------------
     0 | D:1      | nikopol the Minotaur Berserker began the quest for the Orb.
     0 | D:1      | Reached XP level 1. HP: 19/19 MP: 0/0
    86 | D:1      | Reached XP level 2. HP: 12/27 MP: 1/1
   828 | D:2      | Found an ancient bone altar of Kikubaaqudgha.
   836 | D:2      | Found a deep blue altar of Sif Muna.
   838 | D:2      | Found a radiant altar of Vehumet.
   880 | D:2      | Reached ** piety under Trog
   956 | D:2      | Reached XP level 3. HP: 33/33 MP: 2/2
  1529 | D:3      | Found a bloodstained altar of Trog.
  1658 | D:3      | Noticed Jessica
  1671 | D:3      | Killed Jessica
  1671 | D:3      | Reached XP level 4. HP: 40/40 MP: 3/3
  1698 | D:3      | Noticed Crazy Yiuf
  1709 | D:3      | Killed Crazy Yiuf
  1865 | D:3      | Reached *** piety under Trog
  1870 | D:3      | Reached XP level 5. HP: 22/47 MP: 4/4
  1954 | D:3      | Noticed Grinder
  1959 | D:3      | Paralysed by Grinder for 2 turns
  2114 | D:3      | Paralysed by Grinder for 3 turns
  2131 | D:3      | Paralysed by Grinder for 6 turns
  2144 | D:3      | HP: 2/47 [Grinder/nerve-wracking pain (7)]
  2145 | D:3      | Slain by Grinder

Skill      XL: |  1  2  3 |
---------------+----------+-----
Polearms       | 4 |  4.8
Dodging        | 3 |  3.7
Armour         | 3 |  3.5
Fighting       | 4 |  4.4

Action                   |  1- 3 |  4- 6 || total
-------------------------+-------+-------++-------
Melee: Spear             |   106 |    35 ||   141
       Headbutt          |    13 |     4 ||    17
       Unarmed           |       |    12 ||    12
Invok: Berserk           |     1 |     2 ||     3
       Burn Spellbooks   |     1 |       ||     1
       Trog's Hand       |       |     1 ||     1
  Eat: Chunk             |     3 |     3 ||     6
Armor: Animal skin       |     7 |       ||     7
       Leather armour    |     1 |     2 ||     3
       Ring mail         |       |     1 ||     1
Dodge: Dodged            |    35 |    10 ||    45
Block: Other             |       |     1 ||     1
